 Dungeon Crawl Stone Soup version 0.28.0-45-g0d030f2227 (webtiles) character file.

Game seed: 3627059068140659957

47 101zpm the Shield-Bearer (level 3, 0/23 HPs)
             Began as a Gargoyle Fighter on Apr 8, 2022.
             Slain by a bat (1 damage)
             ... on level 3 of the Dungeon.
             The game lasted 00:02:11 (1473 turns).

101zpm the Shield-Bearer (Gargoyle Fighter)         Turns: 1473, Time: 00:02:12

Health: 0/23       AC: 10    Str: 21    XL:     3   Next: 70%
Magic:  3/3        EV:  9    Int:  8    God:
Gold:   79         SH:  4    Dex:  9    Spells: 2/2 levels left

rFire   . . .      SeeInvis .   a - +0 flail
rCold   . . .      Faith    .   c - +0 buckler
rNeg    + . .      Spirit   .   b - +0 scale mail
rPois   ∞          Reflect  .   (no helmet)
rElec   +          Harm     .   (no cloak)
rCorr   .          Rampage  .   (no gloves)
Will    .....                   (no boots)
Stlth   ..........              (no amulet)
HPRegen 0.07/turn               (no ring)
MPRegen 0.08/turn               (no ring)

@: no status effects
A: sickness immunity, AC +3, negative energy resistance 1, electricity
resistance, torment resistance 1, petrification resistance
a: no special abilities


You were on level 3 of the Dungeon.
You visited 1 branch of the dungeon, and saw 3 of its levels.

You collected 79 gold pieces.

Inventory:

Hand Weapons
 a - a +0 flail (weapon)
Armour
 b - a +0 scale mail (worn)
 c - a +0 buckler (worn)
Scrolls
 e - a scroll of acquirement {unknown}
 f - a scroll of summoning {unknown}
 h - a scroll of enchant weapon {unknown}
 i - a scroll of identify {unknown}
Potions
 d - a potion of might
 g - 2 potions of heal wounds {unknown}
 j - a potion of attraction {unknown}
 k - a potion of curing {unknown}


   Skills:
 + Level 3.6 Fighting
 + Level 3.0 Maces & Flails
 + Level 3.5 Armour
 + Level 3.8 Shields


You had 2 spell levels left.
You didn't know any spells.
Your spell library was empty.

Dungeon Overview and Level Annotations

Branches:
Dungeon (3/15)

Altars:

Annotations:
D:2 Sigmund


Innate Abilities, Weirdness & Mutations

You are immune to sickness and miasma.
Your stone body is resilient. (AC +3)
You are immune to poison.
You resist negative energy. (rN+)
You are resistant to electric shocks. (rElec)
You are resistant to unholy torment.
You are immune to petrification.


Message History

* * * LOW HITPOINT WARNING * * *
You are too injured to fight recklessly!
You are too injured to fight recklessly!
You are too injured to fight recklessly!
You are too injured to fight recklessly!
You are too injured to fight recklessly!
You are too injured to fight recklessly!
You are too injured to fight recklessly!
You are too injured to fight recklessly!
You are too injured to fight recklessly!
You are too injured to fight recklessly!
You are too injured to fight recklessly!
You are too injured to fight recklessly!
You are too injured to fight recklessly!
The kobold throws a stone.
The stone hits you but does no damage.
The kobold throws a stone.
The stone barely misses you.
You see here 19 gold pieces.
The kobold throws a stone.
The stone hits you but does no damage.
Found a scroll labelled WIURRE ETOXOU.
Found a stone staircase leading down.
The kobold throws a stone.
The stone barely misses you. You block the bat's attack.
The bat hits you but does no damage. The bat hits you but does no damage.
The bat barely misses you. The bat closely misses you.
You block the bat's attack. The bat hits you but does no damage.
The kobold hits you with a +0 dagger.
* * * LOW HITPOINT WARNING * * *
You block the wyvern skeleton's attack. The bat barely misses you.
The bat barely misses you. The bat hits you but does no damage.
You block the bat's attack. The bat hits you but does no damage.
The bat closely misses you. The bat closely misses you.
The bat barely misses you. The bat hits you but does no damage.
The bat hits you but does no damage. The bat hits you but does no damage.
The bat hits you but does no damage. The bat hits you.
You die...

#.............#
....###....#+###.#
###
###.#....#...####
.............KZ.>#
.#..........#.####
#..........#w#
#.(##..###.#.#
##.#...(..#$#.#b#
#.......##.##.#@#
#..##...#.#...#.#
#.....##.##.....#
#.....#Z#.....###
#b##w...##
#$.†#...####
#:..#..###
#!..#..w.# ####
####.##..## #..


You could see a worm, a bat, a kobold and a wyvern skeleton.

Vanquished Creatures
  4 worms
  A dart slug (D:2)
  4 ball pythons
  2 endoplasms
  6 goblins
  3 hobgoblins (D:1)
  2 jackals (D:2)
  A kobold (D:1)
  2 quokkas (D:2)
  A bat (D:2)
  A frilled lizard (D:1)
  3 rats
30 creatures vanquished.

Notes
Turn   | Place    | Note
-------+----------+-------------------------------------------
     0 | D:1      | 101zpm the Gargoyle Fighter began the quest for the Orb.
     0 | D:1      | Reached XP level 1. HP: 14/14 MP: 1/1
   431 | D:1      | Reached XP level 2. HP: 19/19 MP: 2/2
   456 | D:1      | Found a faded altar of an unknown god.
   783 | D:1      | Reached XP level 3. HP: 12/23 MP: 3/3
  1318 | D:2      | Noticed Sigmund
  1439 | D:3      | HP: 1/23 [wyvern skeleton (11)]
  1462 | D:3      | HP: 1/23 [kobold/+0 dagger (2)]
  1473 | D:3      | Slain by a bat

Illustrated notes

Levels and vault maps discovered:
D:1:      giann_wishing_wells, layout_rooms, hellmonk_ecumenical_altar_run_dry
D:2:      layout_rooms, serial_shops, nicolae_square_shop, uniq_sigmund
D:3:      layout_basic, nicolae_overflow_ecumenical_swirl, minmay_vboxes,
          uniq_terence

Skill      XL: |  1  2  3 |
---------------+----------+-----
Maces & Flails | 3 |  3.0
Fighting       | |  3.6
Armour         | |  3.5
Shields        | |  3.8

Action                   || total
-------------------------++-------
Melee: Flail             ||    91
Armor: Scale mail        ||    71
Dodge: Dodged            ||    62
Block: Buckler           ||    19
